 Dungeon Crawl Stone Soup version 0.28-a0-1365-g7e0445c96d (webtiles) character file.

Game seed: 2098802585164527021

49 ChaosChampion the Skirmisher (level 3, -1/33 HPs)
             Began as a Hill Orc Fighter on Dec 31, 2021.
             Slain by Sigmund (8 damage)
             ... on level 2 of the Dungeon.
             The game lasted 00:00:59 (1324 turns).

ChaosChampion the Skirmisher (Hill Orc Fighter)     Turns: 1324, Time: 00:00:59

Health: -1/33      AC:  8    Str: 20    XL:     3   Next: 77%
Magic:  3/3        EV:  9    Int:  8    God:
Gold:   59         SH:  4    Dex: 10    Spells: 2/2 levels left

rFire   . . .      SeeInvis .   a - +0 war axe
rCold   . . .      Faith    .   c - +0 buckler
rNeg    . . .      Spirit   .   b - +0 scale mail
rPois   .          Reflect  .   (no helmet)
rElec   .          Harm     .   (no cloak)
rCorr   .          Rampage  .   e - +0 pair of gloves
Will    .....                   (no boots)
Stlth   ..........              (no amulet)
HPRegen 0.11/turn               (no ring)
MPRegen 0.08/turn               (no ring)

@: no status effects
A: no striking features
a: no special abilities


You were on level 2 of the Dungeon.
You visited 1 branch of the dungeon, and saw 2 of its levels.

You collected 59 gold pieces.

Inventory:

Hand Weapons
 a - a +0 war axe (weapon)
Armour
 b - a +0 scale mail (worn)
 c - a +0 buckler (worn)
 e - a +0 pair of gloves (worn)
Jewellery
 i - a ring of flight
Scrolls
 g - a scroll of enchant armour {unknown}
 h - 2 scrolls of acquirement {unknown}
 k - a scroll of torment {unknown}
Potions
 d - 2 potions of might
 f - a potion of heal wounds {unknown}
 j - a potion of brilliance {unknown}
 l - a potion of curing {unknown}


   Skills:
 + Level 4.2 Fighting
 + Level 3.5 Axes
 + Level 3.8 Armour
 + Level 3.7 Shields


You had 2 spell levels left.
You didn't know any spells.
Your spell library was empty.

Dungeon Overview and Level Annotations

Branches:
Dungeon (2/15)

Altars:

Shops:
D:2 *

Annotations:
D:2 Sigmund


Message History

You block the bat's attack. The bat hits you but does no damage.
You hit the bat.
You kill the bat!
No target in view!
No target in view!
Found a human skeleton.
Found a stone staircase leading down.
No target in view!
No target in view!
No target in view!
No target in view!
No target in view!
Sigmund the Dreaded comes into view.
He is wielding a +0 scythe.
Sigmund shouts!
Sigmund hits you from afar with a +0 scythe.
Sigmund is nearby!
Sigmund gestures wildly while chanting.
Sigmund flickers and vanishes!
Deactivating autopickup; reactivate with Ctrl-A.
No target in view!
Something hits you.
You are confused.
Something hits you!
You bump into the rock wall.
You're too confused to move!
You hear some strange, mumbled words.
You are more confused.
Something hits you.
You bump into the rock wall.
Something hits you.
You bump into the rock wall.
You bump into the rock wall.
Something hits you.
* * * LOW HITPOINT WARNING * * *
Something hits you but does no damage.
You bump into the rock wall.
You bump into the rock wall.
Something hits you but does no damage.
You bump into the rock wall.
You feel less confused. Something hits you!
You die...

....#.....##.#.# .##
.......#####.#.##..## ##
.......### #.#..##.÷ ..
#......>.###.###.#.####.#
....^....##......#.#....#
........)....###...#.####
..........#.## #...#.#
..........#.####...#.##
................@.{..>#
.#........<...###....##
...#####....### ######
.#÷.####....#
......##....# ......#
....# ......# ...#
......# ......#


There were no monsters in sight!

Vanquished Creatures
  2 adders (D:2)
  A dart slug (D:2)
  4 bats
  3 endoplasms
  4 giant cockroaches
  A hobgoblin (D:2)
  2 ball pythons (D:1)
  2 frilled lizards
  3 goblins (D:1)
  5 kobolds
27 creatures vanquished.

Notes
Turn   | Place    | Note
-------+----------+-------------------------------------------
     0 | D:1      | ChaosChampion the Hill Orc Fighter began the quest for the
                  | Orb.
     0 | D:1      | Reached XP level 1. HP: 19/19 MP: 1/1
   290 | D:1      | Reached XP level 2. HP: 27/27 MP: 2/2
   713 | D:1      | Reached skill level 4 in Fighting
   837 | D:2      | Found a faded altar of an unknown god.
   998 | D:2      | Reached XP level 3. HP: 32/33 MP: 3/3
  1152 | D:2      | Found Wefun's General Store.
  1304 | D:2      | Noticed Sigmund
  1324 | D:2      | Slain by Sigmund

Illustrated notes

Levels and vault maps discovered:
D:1:      dpeg_arrival_water_temple_mockup, layout_loops_ring
D:2:      layout_basic, serial_shops, shop,
          shapermc_ecumenical_altar_totnotflames,
          wander_ebering_terrifying_dragon_lair, uniq_sigmund, uniq_terence

Skill      XL: |  1  2 |
---------------+-------+-----
Axes           | 3 |  3.5
Fighting       | 4 |  4.2
Armour         | |  3.8
Shields        | |  3.7

Action                   || total
-------------------------++-------
Melee: War axe           ||    86
Armor: Scale mail        ||    47
Dodge: Dodged            ||    44
Block: Buckler           ||    21

Table legend: (Time is in decaauts)
 A = Elapsed time spent in this place.
 B = Non-inter-level travel time spent in this place.
 C = Inter-level travel time spent in this place.
 D = Time resting spent in this place.
 E = Time spent auto-exploring this place.
 F = Levels seen in this place.
 G = Mean time per level.
                   A        B        C        D        E       F      G
               +--------+--------+--------+--------+--------+-----+--------+
         Total |   1355 |   1338 |     17 |      0 |   1091 |   2 |  677.5 |
       Dungeon |   1355 |   1338 |     17 |      0 |   1091 |   2 |  677.5 |
               +--------+--------+--------+--------+--------+-----+--------+

Top non-repeatable levels by time:
     D:1: 759 daAuts
     D:2: 595 daAuts
